Match 47739096
Unlisted

Match 47739096
End
Construct Infanterie Kompanie
Selects Mechanized Battlegroup
MG 42 Machine Gun Team
Grenadier Squad
Grenadier Squad
Construct Panzergrenadier Kompanie
GrW 34 Mortar Team
251 Medium Carrier
Selects Spotting Scopes
Panzergrenadier Squad
Panzergrenadier Squad
Construct Panzer Kompanie
Selects Wespe Self-propelled Artillery
Wespe Self-propelled Artillery
MG 42 Machine Gun Team
Panzer IV Medium Tank
Selects Zeroing Artillery Barrage
Selects Raid Package
Wespe Self-propelled Artillery
Wespe Self-propelled Artillery
Selects Zeroing Artillery Barrage
Zeroing Artillery Barrage
Panzer IV Medium Tank
Panzer IV Medium Tank
Zeroing Artillery Barrage
Selects StuG Assault Group
Selects UNKNOWN (2160084)
Panther Heavy Tank
Perry the Blyatipus
Faraam
Mr. Hermelin
Superior
{]-KAANUUN-[}
EoN
0
0

Comments sign in to comment!

No comments posted yet!